cohdb
Replays
Latest Replays
All Replays
Popular Replays
Top Player Replays
Match Explorer
How It Works
Community
CoH3 Stats
Reddit
Sign in to upload your games and track your stats! →
Sign in with Steam
Match 45968922
Unlisted
Match 45968922
Overview
Messages
Build Orders
End
Selects Special Operations Battlegroup
Engineer Squad
Construct Barracks
Riflemen Squad
1⁄4-ton 4x4 Truck
Riflemen Squad
Selects M29 Weasel with M1 Pack Howitzer
M29 Weasel with M1 Pack Howitzer
Construct Weapon Support Center
Air Support Center
Selects Smoke Screen
M1919 Machine Gun Team
Double Sortie
M3 Armored Personnel Carrier
P-47 Strafing Run
Grasshopper Recon Run
P-47 Strafing Run
M29 Weasel with M1 Pack Howitzer
Grasshopper Recon Run
P-47 Strafing Run
M3 Armored Personnel Carrier
Selects P-47 Anti-Infantry Loiter
Improved Aircraft Armor
Air Supply
Grasshopper Recon Run
P-47 Anti-Infantry Loiter
Selects UNKNOWN (2162291)
P-47 Strafing Run
P-47 Dive Bomb
Construct Motor Pool
M1 Anti-tank Gun Team
P-47 Strafing Run
P-47 Dive Bomb
M1 Anti-tank Gun Team
M1919 Machine Gun Team
Grasshopper Recon Run
P-47 Strafing Run
M1919 Machine Gun Team
Grasshopper Recon Run
Construct Tank Depot
M1919 Machine Gun Team
M1919 Machine Gun Team
M1919 Machine Gun Team
M4A1 Sherman Whizbang
Jin Ryang
greenApplePie
Holfman
CorLeonis
XuZhongwei
FlyingBUG
BrummBar
RockPunk
0
0
Comments
sign in to comment!
No comments posted yet!